 Dungeon Crawl Stone Soup version 0.31-a0-986-g5e6e4ef867 (webtiles) character file.

Game seed: 2096755054933382816

121 Persephone the Chopper (level 4, -2/39 HPs)
             Began as an Armataur Fighter on Nov 13, 2023.
             Succumbed to Terence's poison
             ... on level 3 of the Dungeon.
             The game lasted 00:02:24 (1745 turns).

Persephone the Chopper (Armataur Fighter)           Turns: 1745, Time: 00:02:25

Health: -2/39      AC:  6    Str: 24    XL:     4   Next: 76%
Magic:  4/4        EV:  7    Int:  8    God:
Gold:   98         SH:  4    Dex:  9    Spells: 3/3 levels left

rFire   . . .        a - +0 war axe
rCold   . . .        c - +0 buckler
rNeg    . . .        b - +0 scale mail
rPois   .            (no helmet)
rElec   .            (no cloak)
rCorr   .            (no gloves)
SInv    .            (no barding)
Will    .....        (no amulet) Stlth
                     (no ring)
HPRegen 0.26/turn    (no ring)
MPRegen 0.09/turn

%: roll
@: lethally poisoned (-2 -> -19)
A: large, rugged brown scales 3, deformed body, armoured tail, roll, long
tongue, awkward tongue
a: no special abilities


You were on level 3 of the Dungeon.
You visited 1 branch of the dungeon, and saw 3 of its levels.

You collected 98 gold pieces.

Inventory:

Hand Weapons
 a - a +0 war axe (weapon)
Armour
 b - a +0 scale mail (worn)
 c - a +0 buckler (worn)
Scrolls
 e - 2 scrolls of identify {unknown}
 i - a scroll of revelation {unknown}


   Skills:
 - Level 2.6 Fighting
 + Level 4.2 Axes
 - Level 3.6 Armour
 - Level 3.2 Shields


You had 3 spell levels left.
You didn't know any spells.
Your spell library contained the following spells:

 Spells                   Type           Power      Damage    Failure   Level
 Dazzling Flash           Conj/Hex       0%         N/A       98%         3
 Agony                    Necr           0%         N/A       100%        5
 Silence                  Hex/Air        0%         N/A       100%        5


Dungeon Overview and Level Annotations

Branches:
Dungeon (3/15)

Altars:
Xom

Annotations:
D:3 Terence


Innate Abilities, Weirdness & Mutations

You are completely covered in rugged brown scales. (AC +3, +7% HP)
Armour fits poorly on your strangely shaped body.
You have a long armoured tail.
You roll when moving toward enemies. (Rampage)
Your long tongue fully drains potion bottles. (2x potion effects)
Your tongue gives you trouble enunciating. (1.5x scroll delay)


Message History

Terence looks scornfully at you.
Terence hits you with a +1 short sword of venom.
You are more poisoned.
You barely miss Terence. You tail-slap Terence.
Terence is heavily wounded.
* * * LOW HITPOINT WARNING * * *
You feel extremely sick.
Terence hits you with a +1 short sword of venom.
* * * LOW HITPOINT WARNING * * *
You are more poisoned.
It was a potion of curing.
You feel better.
You slurp down every last drop of the potion of curing!
Terence hits you with a +1 short sword of venom.
You are poisoned.
It was a potion of haste.
You feel yourself speed up.
You slurp down every last drop of the potion of haste!
* * * LOW HITPOINT WARNING * * *
You feel very sick.
Terence hits you with a +1 short sword of venom.
* * * LOW HITPOINT WARNING * * *
You are lethally poisoned!
You barely miss Terence.
Terence is heavily wounded.
* * * LOW HITPOINT WARNING * * *
You feel very sick. Terence closely misses you.
You barely miss Terence.
Terence is heavily wounded.
* * * LOW HITPOINT WARNING * * *
You feel very sick. Terence says, "How do you enjoy it?"
Terence hits you with a +1 short sword of venom.
* * * LOW HITPOINT WARNING * * *
You are more poisoned.
It was a potion of cancellation.
Your magical effects are unravelling.
You feel magically purged.
You slurp down every last drop of the potion of cancellation!
You feel yourself slow down.
You die...

.. ### .# ... ..# ##.
.# # .. ..# .. ...
#.#.# #.# ##.###.##
... #.# #.~~~~~.#
#)##@#####.≈~...~≈.
#.##>.@.....##~...§.~#
#............(÷).○○.~.
#.........###)~(..☼.~.
#....####..#
#<~)...~~. #+..+
#..###..~~~~~.. ♣...
#......#...###. ♣..
#....###...... ♣♣.
###### #<#### .#


You could see Terence.

Vanquished Creatures
  3 adders
  A gnoll (D:3)
  3 worms (D:2)
  A dart slug (D:2)
  An orc (D:3)
  7 ball pythons
  2 endoplasms
  2 giant cockroaches (D:1)
  10 goblins
  8 hobgoblins
  2 jackals (D:1)
  5 kobolds
  3 quokkas
  6 bats
  A frilled lizard (D:1)
  16 rats
71 creatures vanquished.

Vanquished Creatures (others)
  A dart slug (D:3)
  A kobold (D:3)
2 creatures vanquished.

Grand Total: 73 creatures vanquished

Notes
Turn   | Place    | Note
-------+----------+-------------------------------------------
     0 | D:1      | Persephone the Armataur Fighter began the quest for the
                  | Orb.
     0 | D:1      | Reached XP level 1. HP: 19/19 MP: 1/1
    50 | D:1      | Reached skill level 2 in Axes
   137 | D:1      | Reached XP level 2. HP: 25/26 MP: 2/2
   435 | D:1      | Reached XP level 3. HP: 31/32 MP: 3/3
   484 | D:1      | Reached skill level 3 in Axes
  1066 | D:2      | Reached XP level 4. HP: 39/39 MP: 4/4
  1457 | D:3      | Found a shimmering altar of Xom.
  1570 | D:3      | Reached skill level 4 in Axes
  1731 | D:3      | Noticed Terence
  1744 | D:3      | HP: 1/39 [Terence/+1 short sword of venom (2)]
  1745 | D:3      | Succumbed to Terence's poison

Illustrated notes

Levels and vault maps discovered:
D:1:      spicycebolla_arrival_ecumenical, layout_loops_ring,
          minmay_rat_gold_closets
D:2:      layout_loops_ring
D:3:      layout_loops_cross, xom_confusion_cloud, uniq_crazy_yiuf_cottage,
          uniq_ijyb, uniq_terence

Skill      XL: |  1  2  3  4 |
---------------+-------------+-----
Axes           | 2 3 4 |  4.2
Fighting       | |  2.6
Armour         | |  3.6
Shields        | |  3.2

Action                     |  1- 3 |  4- 6 || total
---------------------------+-------+-------++-------
  Melee: War axe           |    99 |    53 ||   152
         Tailslap          |    11 |     5 ||    16
    Use: Potion            |       |     4 ||     4
 Armour: Scale mail        |    65 |    64 ||   129
  Dodge: Dodged            |    29 |    25 ||    54
  Block: Buckler           |    13 |    14 ||    27

Table legend: (Time is in decaauts)
 A = Elapsed time spent in this place.
 B = Non-inter-level travel time spent in this place.
 C = Inter-level travel time spent in this place.
 D = Time resting spent in this place.
 E = Time spent auto-exploring this place.
 F = Levels seen in this place.
 G = Mean time per level.
                   A        B        C        D        E       F      G
               +--------+--------+--------+--------+--------+-----+--------+
         Total |   1802 |   1772 |     30 |      0 |   1368 |   3 |  600.7 |
       Dungeon |   1802 |   1772 |     30 |      0 |   1368 |   3 |  600.7 |
               +--------+--------+--------+--------+--------+-----+--------+

Top non-repeatable levels by time:
     D:2: 893 daAuts
     D:1: 801 daAuts
     D:3: 107 daAuts
